 Dungeon Crawl Stone Soup version 0.14-a0-1686-g0e827d1 (webtiles) character file.

435 ReteAZ the Chopper (level 5, -4/45 HPs)
             Began as a Minotaur Fighter on Dec 30, 2013.
             Slain by CrazyArbalest's ghost (5 damage)
             ... while paralysed by a potion of paralysis
             ... on Level 3 of the Dungeon.
             The game lasted 00:04:57 (1992 turns).

ReteAZ the Chopper (Minotaur Fighter)               Turns: 1992, Time: 00:04:57

HP  -4/45        AC  6     Str 21      XL: 5   Next: 55%
MP   2/2         EV  2     Int  5      God:
Gold 227         SH  0     Dex 10      Spells:  0 memorised,  4 levels left

rFire  . . .     SeeInvis .     a - +0 hand axe
rCold  . . .     Clarity  .     b - +0 scale mail
rNeg   . . .     Conserve .     c - +0 shield
rPois  .         rCorr    .     h - +0 wizard hat
rElec  .         rRot     .     (no cloak)
SustAb . .       Spirit   .     (no gloves)
rMut   .         Warding  .     (no boots)
Saprov . . .     Stasis   .     (no amulet)
                                (no ring)
                                (no ring)

@: paralysed, slightly resistant to hostile enchantments, extremely unstealthy
A: retaliatory headbutt, horns 2
a: no special abilities


You were on level 3 of the Dungeon.
You were hungry.

You visited 1 branch of the dungeon, and saw 3 of its levels.

You collected 227 gold pieces.

Inventory:

Hand weapons
 a - a +0,+0 hand axe (weapon)
Missiles
 o - 19 exploding darts
 q - a dart (quivered)
Armour
 b - a +0 scale mail (worn)
 c - a +0 shield (worn)
 h - a +0 wizard hat (worn)
Comestibles
 d - 2 bread rations
 i - a choko
 p - a rotting chunk of bat flesh
 t - 2 apples
Scrolls
 e - a scroll of fog {unknown}
 f - 2 scrolls of immolation {unknown}
 g - 5 scrolls of identify {unknown}
 k - 2 scrolls of noise {unknown}
 r - 3 scrolls of remove curse {unknown}
Potions
 m - a potion of paralysis
 n - a potion of restore abilities {unknown}
 s - a potion of magic {unknown}


   Skills:
 - Level 3.6 Fighting
 + Level 7.1 Axes
 - Level 3.6 Armour
 - Level 3.6 Shields


You had 4 spell levels left.
You didn't know any spells.

Dungeon Overview and Level Annotations

Branches:
Dungeon (3/16)

Altars:
Elyvilon
the Shining One

Annotations:
D:3 CrazyArbalest's ghost, average OgBe


Innate Abilities, Weirdness & Mutations

You reflexively headbutt those who attack you in melee.
You have a pair of horns on your head.


Message History

Your shield and scale mail prevent you from hitting CrazyArbalest's ghost.
CrazyArbalest's ghost is moderately damaged.
CrazyArbalest's ghost hits you but does no damage.
Drink which item? (? for menu, Esc to quit)
You are confused.
It was a potion of confusion.
CrazyArbalest's ghost barely misses you.
Drink which item? (? for menu, Esc to quit)
You feel better. CrazyArbalest's ghost hits you!
Drink which item? (? for menu, Esc to quit)
You suddenly lose the ability to move!
It was a potion of paralysis.
CrazyArbalest's ghost hits you but does no damage.
CrazyArbalest's ghost hits you!
* * * LOW HITPOINT WARNING * * *
CrazyArbalest's ghost hits you.
* * * LOW HITPOINT WARNING * * *
CrazyArbalest's ghost hits you.
* * * LOW HITPOINT WARNING * * *
CrazyArbalest's ghost hits you.
You die...

.... ..# #....##.#
##....##.#
.#....##.#########
.#....##.........#
.#..#.##.........#
.#..#.##.......).#
....#.##.........#
.#.##.##........@####
.................p...#
.#######............##
.........########...#
########## ...# ...#
...# ...# .


You could see CrazyArbalest's ghost.

Vanquished Creatures
  Sigmund (D:3)
  An orc priest (D:3)
  A worker ant (D:3)
  2 adders (D:2)
  A worm (D:2)
  A giant gecko (D:1)
  4 orcs (D:3)
  4 hobgoblins
  3 kobolds
  A quokka (D:3)
  8 bats
  4 giant newts
  4 goblins
  8 jackals
  8 rats
  A plant (D:1)
52 creatures vanquished.

Notes
Turn   | Place    | Note
--------------------------------------------------------------
     0 | D:1      | ReteAZ, the Minotaur Fighter, began the quest for the Orb.
     0 | D:1      | Reached XP level 1. HP: 19/19 MP: 1/1
   220 | D:1      | Reached XP level 2. HP: 24/26 MP: 1/1
   722 | D:2      | Reached skill level 4 in Axes
   791 | D:2      | Reached XP level 3. HP: 23/31 MP: 2/2
  1092 | D:2      | Reached skill level 5 in Axes
  1337 | D:3      | Reached XP level 4. HP: 20/39 MP: 2/2
  1500 | D:3      | Reached skill level 6 in Axes
  1505 | D:3      | Noticed CrazyArbalest's ghost (average OgBe)
  1733 | D:3      | Noticed Sigmund
  1762 | D:3      | Killed Sigmund
  1762 | D:3      | Reached skill level 7 in Axes
  1762 | D:3      | Reached XP level 5. HP: 24/45 MP: 2/2
  1850 | D:3      | Found a glowing golden altar of the Shining One.
  1858 | D:3      | Found a white marble altar of Elyvilon.
  1988 | D:3      | Paralysed by a potion of paralysis for 6 turns
  1991 | D:3      | HP: 1/45 [CrazyArbalest's ghost (3)]
  1992 | D:3      | Slain by CrazyArbalest's ghost

Action                   |  1- 3 |  4- 6 || total
-------------------------+-------+-------++-------
Melee: Hand axe          |   136 |    68 ||   204
  Use: Potion            |       |     4 ||     4
